 Dungeon Crawl Stone Soup version 0.26-a0-996-g6b303dbc09 (webtiles) character file.

Game seed: 16646146640557160696

7413 PentaManta the Grappler (level 10, -8/92 HPs)
             Began as a Troll Abyssal Knight on Dec 6, 2020.
             Was a High Priest of Lugonu.
             Mangled by an orc warrior
             ... wielding a +0 glaive
              (10 damage)
             ... on level 11 of the Dungeon.
             The game lasted 00:21:55 (10825 turns).

PentaManta the Grappler (Troll Abyssal Knight)     Turns: 10825, Time: 00:21:55

Health: -8/92      AC:  6    Str: 25    XL:     10   Next: 93%
Magic:  15/15      EV: 12    Int:  8    God:    Lugonu [*****.]
Gold:   498        SH:  0    Dex:  9    Spells: 9/9 levels left

rFire    + . .     SeeInvis .     - Unarmed
rCold    . . .     Faith    .   (no shield)
rNeg     . . .     Spirit   .   a - +0 robe
rPois    .         Reflect  .   (helmet restricted)
rElec    .         Harm     .   (no cloak)
rCorr    +         Rampage  .   (gloves unavailable)
MR       .....                  (boots unavailable)
Stlth    +.........             (no amulet)
HPRegen  0.65/turn              y - ring of protection from fire
MPRegen  0.14/turn              f - ring of resist corrosion

@: no status effects
A: large, unfitting armour, claws 3, regeneration 1, shaggy fur 1, tough skin 3
a: Depart the Abyss, Bend Space, Banish, Corrupt, Enter the Abyss, Renounce
Religion


You were on level 11 of the Dungeon.
You worshipped Lugonu.
Lugonu was extremely pleased with you.
You visited 2 branches of the dungeon, and saw 12 of its levels.
You visited the Abyss 1 time.
You also visited: Sewer.

You collected 638 gold pieces.
You spent 140 gold pieces at shops.

Inventory:

Hand Weapons
 r - a +0 dagger of electrocution
Missiles
 l - 4 large rocks
 o - 5 javelins
Armour
 a - a +0 robe (worn)
 g - +0 gold dragon scales
Jewellery
 b - an uncursed ring of positive energy
 f - a ring of resist corrosion (right claw)
 y - a ring of protection from fire (left claw)
 K - an uncursed amulet of regeneration
Wands
 s - a wand of random effects (22)
 C - a wand of digging (5)
Scrolls
 c - 8 scrolls of remove curse {unknown}
 e - 9 scrolls of identify {unknown}
 h - 8 scrolls of teleportation
 i - 3 scrolls of random uselessness {unknown}
 j - 5 scrolls of enchant weapon {unknown}
 m - 3 scrolls of immolation {unknown}
 t - 2 scrolls of blinking
 u - 4 scrolls of magic mapping {unknown}
 z - a scroll of fear
 A - 2 scrolls of vulnerability {unknown}
 B - a scroll of amnesia {unknown}
 E - 2 scrolls of fog {unknown}
 F - a scroll of brand weapon {unknown}
 H - a scroll of enchant armour {unknown}
Potions
 d - 3 potions of curing
 k - a potion of heal wounds {unknown}
 n - a potion of brilliance {unknown}
 p - a potion of lignification {unknown}
 q - 2 potions of cancellation {unknown}
 v - 3 potions of attraction {unknown}
 w - 3 potions of flight {unknown}
 x - 2 potions of might {unknown}
 D - a potion of resistance
 G - a potion of berserk rage {unknown}
 J - a potion of invisibility {unknown}
Miscellaneous
 I - a phantom mirror


   Skills:
 + Level 3.9 Fighting
 - Level 2.7 Armour
 - Level 7.0 Dodging
 + Level 10.9 Unarmed Combat
 * Level 8.1 Invocations


You had 9 spell levels left.
You didn't know any spells.
Your spell library contained the following spells:

 Spells                   Type           Power        Failure   Level
 Animate Skeleton         Necr           #.....       41%         1
 Corona                   Hex            #......      41%         1
 Magic Dart               Conj           #...         41%         1
 Pain                     Necr           #...         41%         1
 Summon Small Mammal      Summ           #...         41%         1
 Blink                    Tloc           N/A          54%         2
 Call Imp                 Summ           #.......     54%         2
 Ensorcelled Hibernation  Hex/Ice        #.....       54%         2
 Slow                     Hex            #.......     54%         2
 Call Canine Familiar     Summ           #.......     78%         3
 Confusing Touch          Hex            #.......     78%         3
 Conjure Flame            Conj/Fire      #.......     78%         3
 Dazzling Flash           Conj/Hex       #.....       78%         3
 Inner Flame              Hex/Fire       #.......     78%         3
 Mephitic Cloud           Conj/Pois/Air  #.......     78%         3
 Portal Projectile        Hex/Tloc       #.....       78%         3
 Summon Guardian Golem    Hex/Summ       #.......     78%         3
 Tukima's Dance           Hex            #.......     78%         3
 Vampiric Draining        Necr           #.........   78%         3
 Animate Dead             Necr           #.........   99%         4
 Cause Fear               Hex            #.........   99%         4
 Leda's Liquefaction      Hex/Erth       #.........   99%         4
 Summon Ice Beast         Ice/Summ       #.......     99%         4
 Summon Lightning Spire   Summ/Air       #.......     99%         4
 Agony                    Necr           #.......     100%        5


Dungeon Overview and Level Annotations

Branches:
Dungeon (11/15)            Temple (1/1) D:6            Lair (0/6) D:8
  Sewer (visited)
    Orc: D:9-12

Altars:
Ashenzari
Cheibriados
Dithmenos
Elyvilon
Fedhas
Gozag
Hepliaklqana
Kikubaaqudgha
Makhleb
Nemelex Xobeh
Okawaru
Qazlal
Ru
Sif Muna
Trog
Uskayaw
Vehumet
Wu Jian
Xom
Yredelemnul
Zin
The Shining One
Lugonu

Shops:
D:6 ?   D:10 }

Portals:
Abyss: D:1

Annotations:
D:1 exclusion: ufetubus
D:8 2 transporters, Conn's ghost, novice OpFE


Innate Abilities, Weirdness & Mutations

You are too large for most types of armour.
You have claws for hands.
Your natural rate of healing is unusually fast.
You are covered in fur. (AC +1)
You have extremely tough skin. (AC +3)


Message History

Something hits you but does no damage.
You closely miss something. Something hits you. Something hits you.
Something barely misses you. Something hits you! Something hits you!
* * * LOW HITPOINT WARNING * * *
You claw something! Something hits you but does no damage. Something hits you.
* * * LOW HITPOINT WARNING * * *
Something hits you!
* * * LOW HITPOINT WARNING * * *
Something hits you but does no damage. Something hits you.
* * * LOW HITPOINT WARNING * * *
You see here 7 gold pieces.
You feel better. Something hits you!
* * * LOW HITPOINT WARNING * * *
The orc warrior hits you from afar with a +0 glaive!
You die...

#... #..... #...
#..#.# #..o #....#
#... #....#
#..o#######....#..#
#.o..o.#........#
#.####o#..#
#.#..#.#..#
#.#...@.###
#.#.<...# #.##....#
#.# #.>.....# #.#
#..##...####+###
#.# #..##...#......
#.#
#####..##...+.....
#.#
#......##...#....
#.###
#.###...........#
#....


You could see an orc warrior and an orc.

Vanquished Creatures
  A two-headed ogre (D:8)
  An ugly thing (D:9)
  A shadow (D:11)
  4 yaks
  A wyvern (D:7)
  2 wraiths
  A steam dragon (D:7)
  Duvessa (D:6)
  4 orc warriors
  A phantom (D:10)
  A sky beast (D:7)
  7 ogres
  A centaur (D:9)
  A big kobold (Sewer)
  4 bullfrogs
  A gnoll sergeant (D:7)
  Dowan (D:6)
  A wyvern skeleton (D:10)
  A water moccasin skeleton (D:7)
  5 scorpions
  6 killer bees (D:7)
  13 wights
  7 howler monkeys
  2 centaur zombies
  A jelly (D:8)
  2 quasits
  A hound (D:8)
  2 centaur skeletons
  4 orc priests
  2 bullfrog skeletons
  2 iguanas
  13 orc wizards
  4 worker ants
  A hound skeleton (D:7)
  A howler monkey zombie (D:8)
  2 worker ant zombies
  7 gnolls
  16 adders
  A shadow imp (D:9)
  5 white imps
  3 ufetubi
  An ooze (D:6)
  An adder skeleton (D:4)
  An adder zombie (D:6)
  5 worms
  7 leopard geckos
  31 orcs
  6 bats
  5 giant cockroaches
  7 goblins
  7 hobgoblins
  16 jackals
  4 quokkas
  2 ball pythons
  9 frilled lizards
  9 kobolds
  A leopard gecko zombie (D:5)
  14 rats
261 creatures vanquished.

Vanquished Creatures (others)
  A fungus (D:8)
  9 plants (D:8)
  2 starspawn tentacles (Abyss:1)
12 creatures vanquished.

Grand Total: 273 creatures vanquished

Notes
Turn   | Place    | Note
-------+----------+-------------------------------------------
     0 | Abyss:1  | PentaManta the Troll Abyssal Knight began the quest for the
                  | Orb.
     0 | Abyss:1  | Reached XP level 1. HP: 22/22 MP: 1/1
    78 | Abyss:1  | Noticed a tentacled starspawn
   104 | Abyss:1  | Noticed a small abomination
   110 | Abyss:1  | Noticed an ancient zyme
   113 | D:1      | Escaped the Abyss
   359 | D:1      | Reached * piety under Lugonu
   360 | D:1      | Reached XP level 2. HP: 29/29 MP: 2/2
   513 | D:1      | Reached skill level 3 in Unarmed Combat
   811 | D:1      | Found a corrupted altar of Lugonu.
   811 | D:1      | Found a one-way gate to the infinite horrors of the Abyss.
   811 | D:1      | Noticed a demonic crawler
   977 | D:2      | Reached XP level 3. HP: 24/36 MP: 3/3
  1161 | D:2      | Reached skill level 1 in Armour
  1214 | D:2      | Reached XP level 4. HP: 44/44 MP: 4/4
  1214 | D:2      | Reached ** piety under Lugonu
  1874 | D:3      | Found a sacrificial altar of Ru.
  1943 | D:3      | Reached skill level 4 in Unarmed Combat
  1948 | D:3      | Reached XP level 5. HP: 18/50 MP: 5/5
  2526 | D:4      | Reached XP level 6. HP: 46/59 MP: 6/6
  2995 | D:5      | Entered Level 5 of the Dungeon
  3023 | D:5      | Reached skill level 5 in Unarmed Combat
  3073 | D:5      | Reached *** piety under Lugonu
  3180 | D:5      | Reached XP level 7. HP: 58/66 MP: 7/7
  3237 | D:5      | Found a hazy altar of Hepliaklqana.
  3351 | D:5      | Found a broken altar of Ashenzari.
  3371 | D:5      | Found a glowing drain.
  3385 | Sewer    | Entered a sewer
  3467 | Sewer    | Reached skill level 6 in Unarmed Combat
  3486 | Sewer    | Found a white marble altar of Elyvilon.
  4030 | D:6      | Noticed Dowan
  4030 | D:6      | Noticed Duvessa
  4053 | D:6      | Killed Duvessa
  4063 | D:6      | Killed Dowan
  4170 | D:6      | Found a staircase to the Ecumenical Temple.
  4189 | Temple   | Entered the Ecumenical Temple
  4313 | D:6      | Found Ejuassaugh's Magic Scroll Shoppe.
  4327 | D:6      | Bought a scroll of blinking for 75 gold pieces
  4327 | D:6      | Bought a scroll of fear for 35 gold pieces
  4327 | D:6      | Bought a scroll of teleportation for 30 gold pieces
  4416 | D:6      | Reached skill level 7 in Unarmed Combat
  4423 | D:6      | Reached XP level 8. HP: 48/74 MP: 8/8
  5147 | D:7      | Reached **** piety under Lugonu
  5165 | D:7      | Reached skill level 5 in Dodging
  5165 | D:7      | Reached skill level 8 in Unarmed Combat
  5571 | D:7      | Reached skill level 9 in Unarmed Combat
  5599 | D:7      | Reached XP level 9. HP: 33/80 MP: 9/9
  5767 | D:7      | Identified the +4 scale mail of Gehenna {-Tele rN++ Int+8}
  6118 | D:7      | Found a white marble altar of Elyvilon.
  6118 | D:7      | Found a glowing silver altar of Zin.
  6119 | D:7      | Found a shimmering altar of Xom.
  6184 | D:7      | Found a shadowy altar of Dithmenos.
  6862 | D:8      | Found a transporter.
  6862 | D:8      | Identified the +6 spear "Cykoigej" {chaos, rF+ rC- MR+
                  | Dex+4}
  6862 | D:8      | Identified the +0 scale mail "Wajanygiff" {rF++ rCorr Str+2
                  | Dex-5}
  6883 | D:8      | Noticed Conn's ghost (novice OpFE)
  7075 | D:8      | Found a staircase to the Lair.
  7082 | D:8      | Reached skill level 5 in Invocations
  7155 | D:8      | Found a transporter.
  7163 | D:8      | Identified the ring "Apot" {rC+ rN+ Dex+4}
  7538 | D:7      | Found a burning altar of Makhleb.
  7763 | D:8      | Reached skill level 10 in Unarmed Combat
  7918 | D:9      | Reached ***** piety under Lugonu
  7931 | D:9      | Noticed a two-headed ogre
  7933 | D:9      | Noticed a brown ugly thing
  8621 | D:8      | Killed a two-headed ogre
  8622 | D:8      | Reached XP level 10. HP: 60/88 MP: 13/13
  8724 | D:9      | Killed a brown ugly thing
  9277 | D:10     | Entered Level 10 of the Dungeon
  9417 | D:10     | Found Oqoaps's Gadget Emporium.
  9566 | D:10     | Paralysed by a hornet for 3 turns
 10825 | D:11     | HP: 2/92 [something (8)]
 10825 | D:11     | Mangled by an orc warrior

Illustrated notes

Levels and vault maps discovered:
D:1:      erik_arrival_cave_to_civilisation [erik_arrival_cave_to_temple],
          layout_basic
D:2:      minmay_alternating_diamond, layout_loops_ring, minmay_tiny_reverse_x
D:3:      layout_rooms, corexii_hall_statues_s, nrook_campfire,
          nicolae_ru_path_of_blood
D:4:      layout_layer_cave
D:5:      layout_rooms, general_overflow_altar, portal_sewer_entry_f,
          dk_noncrumbling_4, cheibrodos_ashenzari_chains
D:6:      layout_basic, temple_fountains, serial_shops, nicolae_shop_crystal,
          grunt_ministairs_4, uniq_duvessa
D:7:      layout_loops_corners, nicolae_overflow_hidden_temple,
          kennysheep_generic_room_7
D:8:      layout_basic, grunt_lair_entry_orc_guard_hut,
          gammafunk_ghost_gnarly_gnolls
D:9:      layout_basic, corexii_leaking_fountain
D:10:     layout_irregular_city, serial_shops, nicolae_shop_behind_doors
D:11:     layout_basic
Temple:   kb_temple_of_zot

Skill      XL: |  1  2  3  4  5  6  7  8  9 10 |
---------------+-------------------------------+-----
Unarmed Combat | 3 4 5 7 9 10 | 10.9
Dodging        | 2 3 4 5 6 7 |  7.0
Armour         | 1 2 |  2.7
Invocations    | 2 6 8 |  8.1
Fighting       | 3 |  3.9

Action                   |  1- 3 |  4- 6 |  7- 9 | 10-12 || total
-------------------------+-------+-------+-------+-------++-------
Melee: Unarmed           |    97 |   198 |   479 |   182 ||   956
       Punch             |       |     2 |    14 |    12 ||    28
Invok: Depart the Abyss  |     1 |       |       |       ||     1
       Bend Space        |       |     1 |     5 |     1 ||     7
       Banish            |       |       |       |     1 ||     1
  Use: Potion            |       |     1 |     2 |     2 ||     5
Armor: Robe              |    36 |   105 |   128 |    41 ||   310
Dodge: Dodged            |    55 |   149 |   246 |    94 ||   544

Table legend: (Time is in decaauts)
 A = Elapsed time spent in this place.
 B = Non-inter-level travel time spent in this place.
 C = Inter-level travel time spent in this place.
 D = Time resting spent in this place.
 E = Time spent auto-exploring this place.
 F = Levels seen in this place.
 G = Mean time per level.
                   A        B        C        D        E       F      G
               +--------+--------+--------+--------+--------+-----+--------+
         Total |  10743 |  10121 |    622 |   1024 |   6998 |  14 |  767.4 |
       Dungeon |  10354 |   9752 |    602 |   1024 |   6804 |  11 |  941.3 |
        Temple |    111 |     91 |     20 |      0 |     71 |   1 |  111.0 |
         Abyss |    112 |    112 |      0 |      0 |     10 |   1 |  112.0 |
         Sewer |    165 |    165 |      0 |      0 |    112 |   1 |  165.0 |
               +--------+--------+--------+--------+--------+-----+--------+

Top non-repeatable levels by time:
     D:8: 1570 daAuts
     D:7: 1538 daAuts
     D:6: 1203 daAuts
    D:10: 1197 daAuts
     D:9: 1144 daAuts
     D:4: 843 daAuts
     D:1: 810 daAuts
     D:2: 767 daAuts
     D:5: 661 daAuts
     D:3: 443 daAuts
    D:11: 175 daAuts
   Sewer: 165 daAuts
 Abyss:1: 112 daAuts
  Temple: 111 daAuts
